 Dungeon Crawl Stone Soup version 0.23.2-1-ga50397a6bc (webtiles) character file.

Game seed: 8149398341902135466

338 Peloso the Slasher (level 6, -2/53 HPs)
             Began as a Minotaur Fighter on May 17, 2019.
             Slain by an adder (4 damage)
             ... on level 3 of the Dungeon.
             The game lasted 00:06:28 (1887 turns).

Peloso the Slasher (Minotaur Fighter)               Turns: 1887, Time: 00:06:28

Health: -2/53      AC: 10    Str: 21    XL:     6   Next: 29%
Magic:  5/5        EV: 10    Int:  5    God:
Gold:   146        SH: 10    Dex: 11    Spells: 5/5 levels left

rFire    . . .     SeeInvis .   a - +1 long sword
rCold    . . .     Gourm    .   c - +0 shield
rNeg     . . .     Faith    .   b - +0 scale mail
rPois    .         Spirit   .   (helmet restricted)
rElec    .         Reflect  .   o - +2 cloak
rCorr    .         Harm     .   (no gloves)
MR       .....                  (no boots)
Stlth    ..........             (no amulet)
HPRegen  0.17/turn              e - +2 ring of evasion
MPRegen  0.09/turn              (no ring)

@: flying
A: retaliatory headbutt, horns 2
a: no special abilities


You were on level 3 of the Dungeon.
You were hungry.

You visited 1 branch of the dungeon, and saw 3 of its levels.

You collected 146 gold pieces.

Inventory:

Hand Weapons
 a - a +1 long sword (weapon)
Armour
 b - a +0 scale mail (worn)
 c - a +0 shield (worn)
 o - a +2 cloak (worn)
Jewellery
 e - a +2 ring of evasion (left hand)
 j - an uncursed ring of fire {unknown}
Scrolls
 g - a scroll of amnesia
 h - a scroll of fog {unknown}
 i - a scroll of fear {unknown}
 k - 5 scrolls of noise
 l - 2 scrolls of teleportation {unknown}
 p - a scroll of identify
Potions
 d - 2 potions of might
 m - a potion of magic
Comestibles
 f - 8 rations
 q - 4 chunks of flesh


   Skills:
 + Level 4.6 Fighting
 + Level 5.5 Long Blades
 + Level 5.0 Armour
 + Level 1.1 Dodging
 + Level 4.9 Shields


You had 5 spell levels left.
You didn't know any spells.
Your spell library was empty.

Dungeon Overview and Level Annotations

Branches:
Dungeon (3/15)

Altars:
Yredelemnul


Innate Abilities, Weirdness & Mutations

You reflexively headbutt those who attack you in melee.
You have a pair of horns on your head.


Message History

Things that are here:
a +0 dagger; a +0 robe; 5 gold pieces You see here an orc corpse.
You are feeling hungry.
The adder bites you.
* * * LOW HITPOINT WARNING * * *
Okay, then.
You miss the adder. You block the adder's attack. The adder barely misses you.
You riposte.
You miss the adder. Your headbutt misses the adder. You closely miss the adder.
You block the adder's attack.
You closely miss the adder. Your headbutt misses the adder.
The adder barely misses you. The adder closely misses you.
You furiously retaliate!
You headbutt the adder. You barely miss the adder.
The adder is lightly wounded.
The adder bites you but does no damage.
You closely miss the adder.
The adder is lightly wounded.
The adder bites you but does no damage. The adder bites you.
You die...

##...## #..####.# ##.##
#....##.# #.# #.##.##.# #.#
#.##.##.# ##'## #.##.##.#
##...## #.......# ##.....##
####.#### . # ##.......##
##.##.#
....#.##))†..S@..####...#.#####
.......).........+.............
#...#.##.........####...#.#####
# # ##.......## ##.##.#
##.....## ####.# ##...##
######># ##'## #......# #.#
#.###### #.# #.#


You could see an adder.

Vanquished Creatures
  An orc priest (D:3)
  3 orc wizards
  Crazy Yiuf (D:2)
  A hound skeleton (D:3)
  6 adders
  6 gnolls (D:3)
  A worm (D:2)
  A dart slug (D:2)
  2 leopard geckos
  5 orcs
  5 giant cockroaches
  8 goblins
  4 hobgoblins
  11 jackals
  3 kobolds
  5 bats (D:2)
  3 frilled lizards
  3 rats (D:1)
  2 fungi (D:1)
71 creatures vanquished.

Notes
Turn   | Place    | Note
-------+----------+-------------------------------------------
     0 | D:1      | Peloso the Minotaur Fighter began the quest for the Orb.
     0 | D:1      | Reached XP level 1. HP: 19/19 MP: 0/0
   132 | D:1      | Reached XP level 2. HP: 27/27 MP: 1/1
   842 | D:2      | Reached XP level 3. HP: 21/33 MP: 2/2
   904 | D:1      | Reached XP level 4. HP: 20/40 MP: 3/3
  1259 | D:2      | Found a basalt altar of Yredelemnul.
  1317 | D:2      | Found a runed translucent door.
  1318 | D:2      | Noticed Crazy Yiuf
  1402 | D:2      | Killed Crazy Yiuf
  1445 | D:3      | Reached XP level 5. HP: 30/46 MP: 4/4
  1746 | D:3      | Reached skill level 5 in Long Blades
  1863 | D:3      | Reached XP level 6. HP: 3/53 MP: 5/5
  1870 | D:3      | HP: 2/53 [something (2)]
  1870 | D:3      | Reached skill level 5 in Armour
  1870 | D:3      | Reached skill level 1 in Dodging
  1880 | D:3      | HP: 1/53 [adder (3)]
  1887 | D:3      | Slain by an adder

Skill      XL: |  1  2  3  4  5  6 |
---------------+-------------------+-----
Armour         | 4 5 |  5.0
Shields        | 4 |  4.9
Fighting       | 4 |  4.6
Long Blades    | 3 4 5 |  5.5
Dodging        | 1 |  1.1

Action                   |  1- 3 |  4- 6 || total
-------------------------+-------+-------++-------
Melee: Long sword        |    79 |   109 ||   188
       Headbutt          |    18 |    17 ||    35
  Use: Scroll            |     4 |     2 ||     6
       Potion            |       |     1 ||     1
  Eat: Chunk             |       |     3 ||     3
Armor: Scale mail        |    24 |    73 ||    97
Dodge: Dodged            |    21 |    59 ||    80
Block: Shield            |    44 |    65 ||   109
       Rpst.: Long sword |     5 |    16 ||    21
